[Event "Live Chess"]
[Site "Chess.com"]
[Date "2023.05.21"]
[Round "-"]
[White "JoshMcK"]
[Black "GMMickeyAdams"]
[Result "0-1"]
[WhiteElo "1512"]
[BlackElo "2794"]
[TimeControl "300"]
[EndTime "3:52:56 PDT"]
[Termination "GMMickeyAdams won by resignation"]

1. e4 e6 2. d4 d5 3. Nc3 Bb4 4. e5 Ne7 5. a3 Bxc3+ 6. bxc3 c5 7. Qg4 Kf8 8. h4 Qa5 9. Bd2 Qa4 10. Qd1 b6 11. h5 h6 12. Nf3 Nbc6 13. Be2 Ba6 14.
Bxa6 Qxa6 15. dxc5 bxc5 16. Qe2 Qxe2+ 17. Kxe2 Ke8 18. Be3 Kd7 19. Bxc5 Rhb8 20. Rab1 Na5 21. Rxb8 Rxb8 22. Bxa7 Ra8 23. Bc5 Nec6 24. Bb4 Nc4 25. Ra1 N6xe5 26. Nxe5+ Nxe5 27. f3 Nc4 28. g4 e5 29. Kd3 Ra4 30. Ke2 Ke6 31. Ra2 Kf6 32. Kf2 g6 33. hxg6 fxg6 34. Ra1 h5 35. gxh5 gxh5 36.
Rd1 Ke6 37. Rh1 Ra8 38. Rxh5 Nxa3 39. Rh6+ Kf5 40. Bxa3 Rxa3 41. Rh5+ Ke6 42. Rh2 Rxc3 43. Kg3 e4 44. Re2 Rxf3+ 45. Kg4 Ke5 46. Re1 d4 47.
Re2 Rf8 48. Kg3 e3 49. Kg2 Ke4 50. Kg3 Rg8+ 51. Kh2 Kf3 52. Re1 Kf2 0-1

[Event "Live Chess"]
[Site "Chess.com"]
[Date "2023.05.21"]
[Round "-"]
[White "Missedidea"]
[Black "domrobson"]
[Result "1-0"]
[WhiteElo "1842"]
[BlackElo "1693"]
[TimeControl "300"]
[EndTime "3:53:07 PDT"]
[Termination "Missedidea won by resignation"]

1. d4 Nf6 2. c4 e6 3. Nc3 d5 4.
Bg5 c6 5. e3 Nbd7 6. Nf3 Qa5 7.
Nd2 dxc4 8. Bxf6 Nxf6 9. Nxc4 Qd8 10. Be2 Nd5 11. O-O Nxc3 12. bxc3 Bd6 13. e4 e5 14. dxe5 Bc7 15. f4 Be6 16. Ne3 g6 17. f5 Bb6 18.
Qc1 gxf5 19. exf5 Bd5 20. Kh1 Be4 21. Bf3 Bxf3 22. Rxf3 Qg5 23. Qd2 Rg8 24. Rg3 1-0

[Event "Live Chess"]
[Site "Chess.com"]
[Date "2023.05.21"]
[Round "-"]
[White "JoeRoot66"]
[Black "KeithArkell"]
[Result "0-1"]
[WhiteElo "1917"]
[BlackElo "2501"]
[TimeControl "300"]
[EndTime "3:53:08 PDT"]
[Termination "KeithArkell won by resignation"]

1. e4 c6 2. Nf3 d5 3. Nc3 Bg4 4. h3 Bxf3 5. Qxf3 dxe4 6. Nxe4 Nd7 7. d4 Ndf6 8. c3 Nxe4 9. Qxe4 Nf6 10. Qf3 e6 11. Bg5 Be7 12. Bd3 Qd5 13. Qxd5 Nxd5 14.
Bxe7 Kxe7 15. g3 Rhd8 16. f3 h6 17. Kf2 Nf6 18. b4 a5 19. a3 g5 20. g4 Nd5 21. Rac1 axb4 22. axb4 Ra2+ 23. Be2 Nf4 24. Rhe1 Nd3+ 25. Ke3 Nxc1 26. Rxc1 Rda8 27. b5 Ra1 28.
Rxa1 Rxa1 29. bxc6 bxc6 30. f4 Rc1 31. fxg5 hxg5 32.
Kd3 Rh1 33. Bf3 Rxh3 34. Ke2 Kd6 0-1

[Event "Live Chess"]
[Site "Chess.com"]
[Date "2023.05.21"]
[Round "-"]
[White "Crowded_House"]
[Black "McSlash1"]
[Result "0-1"]
[WhiteElo "1636"]
[BlackElo "2019"]
[TimeControl "300"]
[EndTime "3:53:10 PDT"]
[Termination "McSlash1 won by checkmate"]

1. d4 Nf6 2. Bg5 g6 3. e3 Ne4 4. Bh4 Bg7 5. c3 d5 6. Nd2 Nxd2 7. Qxd2 O-O 8. Nf3 c5 9. dxc5 Qc7 10. Be2 Qxc5 11. O-O Nc6 12. Nd4 Nxd4 13. exd4 Qd6 14. Bg3 Qb6 15. Qc2 Bf5 16. Qb3 Qc6 17. Qb5 h5 18. Qxc6 bxc6 19. b3 a5 20. Rac1 a4 21. b4 Rfe8 22. a3 e5 23. dxe5 Bxe5 24. Bxe5 Rxe5 25. Rfe1 Rae8 26. Kf1 h4 27. Bf3 Bd3+ 28. Be2 Rxe2 29. Rxe2 Rxe2 30. Kg1 Bc4 31. g3 h3 32. Rb1 Rc2 33. Re1 Rxc3 34. Re8+ Kg7 35. Ra8 Rc1# 0-1

[Event "Live Chess"]
[Site "Chess.com"]
[Date "2023.05.21"]
[Round "-"]
[White "WelshTiger"]
[Black "CheckThis4"]
[Result "0-1"]
[WhiteElo "2326"]
[BlackElo "2501"]
[TimeControl "300"]
[EndTime "3:53:11 PDT"]
[Termination "CheckThis4 won on time"]

1. e4 e6 2. Nf3 d5 3. e5 c5 4. b4 Nd7 5. bxc5 Nxc5 6. d4 Ne4 7. Bd3 Bd7 8. O-O Rc8 9. c4 Bc6 10. c5 f5 11. exf6 Ngxf6 12. Ne5 Qc7 13. Bf4 g5 14. Bxe4 gxf4 15. Bf3 Rg8 16. Bh5+ Ke7 17.
Bf3 Bh6 18. Nc3 Rg5 19. Re1 Rcg8 20. Kh1 Kd8 21. Rb1 Kc8 22. Nb5 Bxb5 23. Rxb5 Nd7 24. Nxd7 Qxd7 25. Qb3 R5g7 26. Rc1 Qc6 27. a4 Bg5 28. a5 Bd8 29. a6 Qxa6 30. c6 Kb8 31.
cxb7 Rc7 32. Rxc7 Qa1+ 33. Bd1 Bxc7 34. Qd3 e5 35. Rxd5 e4 36. Qc2 f3 37. g3 e3 38.
fxe3 Rf8 39. Kg1 f2+ 40. Kf1 Qa6+ 41. Be2 Qe6 42. Rh5 h6 43. Qd3 Qc6 44. e4 Qc1+ 45.
Qd1 Qe3 46. Qd3 Qc1+ 47. Qd1 Qc6 48. d5 Qc3 49. d6 Ba5 50. d7 Qe1+ 51. Kg2 Qxd1 52.
Bf1 Qxh5 53. h3 Qf3+ 54. Kh2 Bc7 0-1

[Event "Live Chess"]
[Site "Chess.com"]
[Date "2023.05.21"]
[Round "-"]
[White "gmnorfolk"]
[Black "Greenbecker"]
[Result "1-0"]
[WhiteElo "2105"]
[BlackElo "1649"]
[TimeControl "300"]
[EndTime "3:53:11 PDT"]
[Termination "gmnorfolk won by resignation"]

1. d4 d5 2. c4 e6 3. Nc3 Nf6 4. cxd5 Nxd5 5. e4 Nxc3 6. bxc3 c5 7. Rb1 cxd4 8. cxd4 Qa5+ 9. Qd2 Qxd2+ 10. Bxd2 Nc6 11. Nf3 Be7 12. Bb5 Bd7 13. O-O a6 14. Ba4 b5 15.
Bb3 O-O 16. Rfe1 Rfe8 17. d5 exd5 18. Bxd5 Rac8 19. Red1 Bg4 20. Rdc1 Bxf3 21. gxf3 Red8 22. Kg2 Ne5 23. Ba5 Rxc1 24. Rxc1 Re8 25. f4 Nd3 26. Rc7 Nxf4+ 27. Kf3 Nxd5 28. exd5 Bd6 29. Rc6 Bxh2 30. Rxa6 Bb8 31. Ra8 h6 32. Bc7 Rc8 33. Rxb8 Rxb8 34. Bxb8 Kf8 35. Bd6+ Ke8 36. Bc5 Kd7 37. Bf8 1-0

[Event "Live Chess"]
[Site "Chess.com"]
[Date "2023.05.21"]
[Round "-"]
[White "MarkLim1"]
[Black "Tushinskiy"]
[Result "0-1"]
[WhiteElo "1700"]
[BlackElo "2189"]
[TimeControl "300"]
[EndTime "3:53:20 PDT"]
[Termination "Tushinskiy won by resignation"]

1. d4 e5 2. dxe5 d6 3. Nf3 Bg4 4. Bf4 d5 5. Nc3 c6 6. e3 Qb6 7.
Qd2 Nd7 8. Rb1 Ne7 9. Bg3 Ng6 10. h3 Bxf3 11. gxf3 Ngxe5 12. f4 Nf3+ 0-1

[Event "Live Chess"]
[Site "Chess.com"]
[Date "2023.05.21"]
[Round "-"]
[White "Woodpusher500"]
[Black "RoaringKnights"]
[Result "0-1"]
[WhiteElo "1003"]
[BlackElo "1089"]
[TimeControl "300"]
[EndTime "3:53:35 PDT"]
[Termination "RoaringKnights won by resignation"]

1. e4 c6 2. Nf3 d5 3. Nc3 Bg4 4. h3 Bh5 5. exd5 cxd5 6. Be2 Bxf3 7. Bxf3 e6 8. O-O Nc6 9. d4 Nf6 10. Re1 Bd6 11. Bg5 Be7 12. Qd2 h6 13. Bh4 Nd7 14.
Rad1 Bxh4 15. g3 Be7 16. Qf4 Bg5 17. Qg4 Nf6 18. Rxe6+ fxe6 19. Qxe6+ Qe7 20. Re1 Qxe6 21. Rxe6+ Kf7 22. Re3 Rhe8 0-1

[Event "Live Chess"]
[Site "Chess.com"]
[Date "2023.05.21"]
[Round "-"]
[White "LiamBellwood"]
[Black "EdenHazard8"]
[Result "0-1"]
[WhiteElo "1926"]
[BlackElo "1948"]
[TimeControl "300"]
[EndTime "3:53:45 PDT"]
[Termination "EdenHazard8 won by resignation"]

1. d4 Nf6 2. Nc3 g6 3. Bf4 Bg7 4. Qd2 d6 5. e4 Nbd7 6. f3 e5 7.
dxe5 dxe5 8. Be3 Qe7 9. O-O-O Nb6 10. Kb1 O-O 11. Bh6 Be6 12. Bd3 Rad8 13. h4 Nc4 14.
Qg5 Qb4 15. Bxc4 Rxd1+ 16. Nxd1 Qxc4 17. Bxg7 Kxg7 18. h5 Qxa2+ 19. Kc1 Qa1+ 20. Kd2 Rd8+ 21. Ke3 Qc1+ 0-1

[Event "Live Chess"]
[Site "Chess.com"]
[Date "2023.05.21"]
[Round "-"]
[White "manthanit"]
[Black "AttackingSnowLeopard"]
[Result "0-1"]
[WhiteElo "1088"]
[BlackElo "2159"]
[TimeControl "300"]
[EndTime "3:54:09 PDT"]
[Termination "AttackingSnowLeopard won by resignation"]

1. e4 c6 2. Nf3 d5 3. exd5 cxd5 4. Nc3 Nc6 5. d4 Nf6 6. h3 Bf5 7. Bb5 e6 8. Bxc6+ bxc6 9. Ne5 Rc8 10. Bg5 Be7 11.
O-O h6 12. Bh4 O-O 13. Ne2 Ne4 14. Bxe7 Qxe7 15. Ng3 Nxg3 16. fxg3 f6 17. Rxf5 exf5 18. Ng6 Qe3+ 19. Kh2 Rfe8 20. Qg4 fxg4 0-1

[Event "Live Chess"]
[Site "Chess.com"]
[Date "2023.05.21"]
[Round "-"]
[White "NAZRIZ1977"]
[Black "apl_trainer"]
[Result "1/2-1/2"]
[WhiteElo "1963"]
[BlackElo "1778"]
[TimeControl "300"]
[EndTime "3:54:15 PDT"]
[Termination "Game drawn - timeout vs insufficient material"]

1. c4 c5 2. g3 Nc6 3. Bg2 g6 4.
Nf3 Bg7 5. O-O e5 6. Nc3 Nge7 7. d3 d6 8. Rb1 O-O 9. a3 a5 10. Ne1 h6 11. Nc2 Rb8 12. b4 axb4 13. axb4 Nd4 14. bxc5 dxc5 15. e3 Nxc2 16. Qxc2 Bf5 17. e4 Be6 18. Ba3 b6 19. Nd5 Nc6 20. Bb2 Nd4 21.
Bxd4 exd4 22. Rb5 f5 23. exf5 Bxf5 24. Rfb1 Re8 25. Rxb6 Rxb6 26. Nxb6 Qe7 27. h4 Qe2 28. Qxe2 Rxe2 29. Bf1 Rd2 30. Rb3 h5 31. Nd5 Kh7 32. Ne7 Bg4 33. Kg2 Bh6 34. Rb7 Be3 35. Nf5+ Kg8 36.
Ne7+ Kf7 37. Nd5+ Kf8 38. Nxe3 dxe3 39. Rb1 Rxf2+ 40. Kg1 Rd2 41. Re1 e2 42. Bg2 Rxd3 43. Kf2 Rd4 44. Bf3 Bxf3 45. Kxf3 Rxc4 46. Rxe2 Kf7 47.
Re5 Kf6 48. Rg5 Rc1 49. Ke4 Rc4+ 50. Kd5 Rc1 51. Ke4 c4 52. Kd4 Rf1 53. Rc5 Rf3 54. Rxc4 Rxg3 55. Kd5 Rg4 56. Rc1 Rxh4 57. Rg1 Ra4 58.
Kc5 g5 59. Kd5 h4 60. Rf1+ Kg6 61. Ke5 h3 62. Rh1 g4 63. Rg1 Kg5 64. Rd1 h2 65. Rd8 Ra1 66. Rg8+ Kh4 67. Rh8+ Kg3 68. Rb8 h1=Q 69.
Rb3+ Kh4 70. Rb4 Qe1+ 71. Kf5 Qxb4 72. Ke6 Ra6+ 73. Kd5 Ra5+ 74. Kc6 Qb5+ 75. Kd6 Qb6+ 76. Ke7 Ra7+ 77. Ke8 1/2-1/2

[Event "Live Chess"]
[Site "Chess.com"]
[Date "2023.05.21"]
[Round "-"]
[White "Abde2012"]
[Black "f4nomore"]
[Result "0-1"]
[WhiteElo "751"]
[BlackElo "1403"]
[TimeControl "300"]
[EndTime "3:54:18 PDT"]
[Termination "f4nomore won by resignation"]

1. d4 g6 2. c4 Bg7 3. e3 d6 4. g3 Nf6 5. Bg2 O-O 6. Ne2 c6 7. Nbc3 Bd7 8. d5 c5 9. b3 Qc8 10. Ba3 Bh3 11. Bf3 Bg4 12. Bg2 Nh5 13. Nf4 Bxc3+ 14. Kf1 Bxd1 15. Rxd1 Nxf4 16. exf4 0-1

[Event "Live Chess"]
[Site "Chess.com"]
[Date "2023.05.21"]
[Round "-"]
[White "seasidecastle27"]
[Black "wot-not"]
[Result "1-0"]
[WhiteElo "1865"]
[BlackElo "1575"]
[TimeControl "300"]
[EndTime "3:54:26 PDT"]
[Termination "seasidecastle27 won on time"]

1. d4 Nf6 2. Nf3 g6 3. Bg5 Bg7 4. Nbd2 O-O 5. e4 d6 6. Bd3 Bg4 7. h3 Bxf3 8. Qxf3 Nbd7 9. c3 e5 10. O-O c5 11. dxc5 Nxc5 12. Bc2 h6 13. Bh4 g5 14.
Bg3 Qb6 15. Nc4 Qc6 16. Rfe1 b5 17. Na5 Qb6 18. b4 Nb7 19. Nxb7 Qxb7 20. Rad1 Qa6 21. Bb3 Rac8 22. Rd3 Qc6 23. Ree3 Rfd8 24. Qd1 a6 25. Bxe5 Qa8 26. Rxd6 Rxd6 27. Qxd6 Nxe4 28. Qe7 Rf8 29. Bxg7 Kxg7 30. Rxe4 Qc8 31. Qe5+ Kg8 32. Re3 Qd8 33. Qe4 Qd1+ 34. Kh2 Qd6+ 35. g3 Qd1 36.
Qg6+ Kh8 37. Qxh6+ Kg8 38. Qxg5+ Kh8 39. Re5 Qf3 40.
Qh4+ Kg7 41. Rg5+ Kf6 42. Qf4+ Qxf4 43. gxf4 1-0

[Event "Live Chess"]
[Site "Chess.com"]
[Date "2023.05.21"]
[Round "-"]
[White "LL220284LL"]
[Black "Singapourfeuj"]
[Result "0-1"]
[WhiteElo "2316"]
[BlackElo "2198"]
[TimeControl "300"]
[EndTime "3:54:36 PDT"]
[Termination "Singapourfeuj won by resignation"]

1. c4 Nf6 2. g3 g6 3. Bg2 Bg7 4. Nf3 O-O 5. b3 c5 6. Bb2 Nc6 7. O-O d6 8. e3 Bg4 9. Nc3 Ne5 10.
d4 cxd4 11. exd4 Nxf3+ 12. Bxf3 Bxf3 13. Qxf3 Rb8 14. Rfe1 a6 15. Ne4 Nxe4 16. Qxe4 Re8 17. Rad1 b5 18. c5 d5 19. Qd3 Qd7 20. Bc3 Qc6 21.
Re2 e6 22. Rde1 h5 23. Bd2 Ra8 24. a3 a5 25. Bf4 b4 26. a4 Qa6 27. Qd2 Rac8 28.
Be5 Bxe5 29. Rxe5 Kg7 30. h4 f6 31. R5e3 Re7 32. R1e2 Rce8 33. Qe1 Qc6 34. f4 Kf7 35. Qb1 e5 36. fxe5 fxe5 37. Rf2+ Kg7 38. Ref3 e4 39. Rf6 Qc8 40. Qf1 Qc7 41. R2f4 e3 42.
Qe2 Qd7 43. Kg2 Qc7 44. Qc2 Re4 45. Rf7+ Qxf7 46. Rxf7+ Kxf7 47. Qe2 R8e6 48. Kf1 Rf6+ 49. Ke1 Kg7 50. Qb5 e2 0-1

[Event "Live Chess"]
[Site "Chess.com"]
[Date "2023.05.21"]
[Round "-"]
[White "LiamClery2020"]
[Black "Ferrarifan27"]
[Result "1-0"]
[WhiteElo "2012"]
[BlackElo "2072"]
[TimeControl "300"]
[EndTime "3:54:48 PDT"]
[Termination "LiamClery2020 won by resignation"]

1. e4 e5 2. Nc3 Nc6 3. Bc4 Bc5 4. Qg4 g6 5. Qg3 d6 6. Nf3 Nf6 7. d3 Nh5 8. Qg5 f6 9. Qh4 Nb4 10. Bb3 Qe7 11. a3 Nc6 12. Nd5 Qg7 13. g4 Nf4 14.
Bxf4 exf4 15. Nxf6+ Kf8 16. Nd5 h6 17. g5 hxg5 18.
Qxg5 Bh3 19. Qxf4+ Ke8 20. Nf6+ Kd8 21. Ng5 Ne5 22. Be6 Bg2 23. Rg1 Rf8 24. Bf7 Nf3+ 25. Kd1 Nxg5 26. Qxg5 Rxf7 27. Nh5+ Kd7 28. Nxg7 Bf3+ 29.
Ke1 Rxg7 30. Qf6 Rag8 31. Qxf3 1-0

[Event "Live Chess"]
[Site "Chess.com"]
[Date "2023.05.21"]
[Round "-"]
[White "JoRoSaR"]
[Black "GwaryTek"]
[Result "0-1"]
[WhiteElo "1697"]
[BlackElo "2069"]
[TimeControl "300"]
[EndTime "3:54:53 PDT"]
[Termination "GwaryTek won by resignation"]

1. e4 Nf6 2. Nc3 d5 3. e5 Ne4 4. d4 Nxc3 5. bxc3 c5 6. Bd2 Nc6 7. Nf3 Bg4 8. Bb5 cxd4 9. cxd4 e6 10. O-O Be7 11. c3 O-O 12. Bxc6 bxc6 13. Qe2 c5 14. Qe3 Rc8 15. h3 Bh5 16. Rab1 Bg6 17. Rb7 Rc7 18. Rb2 Qd7 19. Ra1 Rfc8 20. a4 cxd4 21. cxd4 Rc4 22. a5 Qc7 23. a6 Rb8 24. Raa2 h6 25. g4 Bb1 26. Rxb8+ Qxb8 27. Ra1 Qb2 28. Ra5 Be4 29. Kg2 Bg5 30. Qe2 Bxd2 0-1

[Event "Live Chess"]
[Site "Chess.com"]
[Date "2023.05.21"]
[Round "-"]
[White "RockTroll"]
[Black "Biranidun"]
[Result "0-1"]
[WhiteElo "2237"]
[BlackElo "2545"]
[TimeControl "300"]
[EndTime "3:54:53 PDT"]
[Termination "Biranidun won by resignation"]

1. Nf3 Nf6 2. c4 g6 3. Nc3 Bg7 4. e4 d6 5. d4 O-O 6. Be2 e5 7. O-O Nc6 8. d5 Ne7 9. Ne1 Nd7 10. f3 f5 11. g4 Kh8 12. h4 Nf6 13. Kg2 Qd7 14. Kg3 f4+ 15. Kf2 h5 16. g5 Qh3 17. Ng2 Ng4+ 18. fxg4 hxg4 19. Bd3 f3 20. Ne3 Qxh4+ 21. Kg1 f2+ 0-1

[Event "Live Chess"]
[Site "Chess.com"]
[Date "2023.05.21"]
[Round "-"]
[White "lateforthesky"]
[Black "NatashaRegan"]
[Result "1-0"]
[WhiteElo "2123"]
[BlackElo "1724"]
[TimeControl "300"]
[EndTime "3:55:02 PDT"]
[Termination "lateforthesky won by resignation"]

1. e4 Nf6 2. e5 Nd5 3. c4 Nb6 4. d4 d6 5. exd6 exd6 6. Nc3 Be7 7. Be3 O-O 8. Rc1 Nc6 9. Be2 d5 10. b3 Bf6 11. c5 Nd7 12. Nf3 Nxc5 13. dxc5 d4 14.
Nxd4 Nxd4 15. O-O Nxe2+ 16. Qxe2 Bf5 17. Rfd1 Qc8 18. h3 Re8 19. Nd5 Be5 20. Qf3 c6 21. Nc3 Qe6 22. Bd4 Bc7 23. Re1 Qg6 24. Ne2 Be4 25. Qg4 Qh6 26. Ng3 Bd5 27. Nf5 Qg6 28.
Ne7+ Rxe7 29. Rxe7 Qxg4 30. hxg4 Bf4 31. Rce1 Kf8 32.
Rxb7 a5 33. a4 h6 34. Be5 Re8 35. Bd6+ Bxd6 36. Rxe8+ Kxe8 37. cxd6 Be6 38. f3 Bd7 39. Kf2 f6 40. Ke3 g5 41. Kd4 Kd8 42. Kc5 Kc8 43.
Rc7+ Kd8 44. Rxc6 Bxc6 45. Kxc6 Kc8 46. d7+ Kd8 47. Kd6 1-0

[Event "Live Chess"]
[Site "Chess.com"]
[Date "2023.05.21"]
[Round "-"]
[White "WilliWeisswurst"]
[Black "Trendle"]
[Result "0-1"]
[WhiteElo "1779"]
[BlackElo "2658"]
[TimeControl "300"]
[EndTime "3:55:04 PDT"]
[Termination "Trendle won by resignation"]

1. e4 e5 2. Nf3 Nc6 3. Bc4 Nf6 4. d3 Be7 5. O-O O-O 6. h3 d5 7. exd5 Nxd5 8. Re1 Nb6 9. Bb3 Bd6 10. Bg5 Qd7 11.
Nbd2 Kh8 12. Ne4 f5 13. Nxd6 cxd6 14. Nh4 Qe8 15. c3 Be6 16. Bxe6 Qxe6 17. Qh5 f4 18. Re4 Kg8 19. Rae1 Nd5 20. c4 Ndb4 21. d4 Qf7 22. Qg4 Nxd4 23. Bxf4 Nd3 24. Bg3 Nxe1 25. Rxe1 Qxc4 26. b3 Qe6 27. Qe4 Rac8 28. Qxd4 Rc2 29. Qe3 Qf6 30. Nf3 Rfc8 31. Nxe5 dxe5 32. Bxe5 Qf7 33. Bg3 h6 34. Kh2 R2c3 35. Qe2 Rc2 36. Qe3 R2c6 37. Qe2 Rf6 38. Qb5 a6 39. Qb6 Rxb6 0-1

[Event "Live Chess"]
[Site "Chess.com"]
[Date "2023.05.21"]
[Round "-"]
[White "MarkLim1"]
[Black "Vitalii18a"]
[Result "0-1"]
[WhiteElo "1685"]
[BlackElo "1145"]
[TimeControl "300"]
[EndTime "3:55:08 PDT"]
[Termination "Vitalii18a won by resignation"]

1. d4 d5 2. Nf3 e6 3. e3 c5 4. dxc5 Bxc5 5. a3 Nf6 6. b4 Bb6 7. Bb2 a5 8. b5 a4 9. c4 Ba5+ 10. Bc3 dxc4 11. Qxa4 Bxc3+ 0-1

[Event "Live Chess"]
[Site "Chess.com"]
[Date "2023.05.21"]
[Round "-"]
[White "Ed_Knox"]
[Black "OleksiyJr1"]
[Result "0-1"]
[WhiteElo "1453"]
[BlackElo "992"]
[TimeControl "300"]
[EndTime "3:55:22 PDT"]
[Termination "OleksiyJr1 won by checkmate"]

1. d4 Nf6 2. Bf4 c6 3. e3 g5 4. Bxg5 Qa5+ 5. Nc3 Qxg5 6. Nf3 Qg6 7. Bd3 Qxg2 8. Rg1 Qh3 9. Rg3 Qe6 10. Ng5 Qd6 11. Qf3 Qc7 12. Nce4 d5 13. Nxf6+ exf6 14. Qxf6 Rg8 15. Ne6 Bxe6 16. Rxg8 Qxh2 17. O-O-O Nd7 18. Rdg1 Nxf6 19. R8g2 Qc7 20. Rg3 O-O-O 21. Rf3 Ne4 22. Rf4 Bh6 23. Rh4 Bf8 24. Rxh7 Nxf2 25. Bg6 Rd7 26.
Bh5 f5 27. Rh8 Rd8 28. Bg6 Bb4 29. Rh7 Qa5 30. Kb1 Kb8 31. Rf1 Ne4 32. Rh2 Nd2+ 33. Rxd2 Bxd2 34. Bxf5 Bxf5 35. Rxf5 Bxe3 36. Rf1 Rg8 37.
a3 Rg1 38. Rxg1 Bxg1 39. Ka2 Qe1 40. c4 Qd1 41. cxd5 Qxd4 42. b4 Qxd5+ 43. Kb2 Bd4+ 44. Kc2 Qa2+ 45. Kd3 Qb2 46. Kc4 Qc3# 0-1

[Event "Live Chess"]
[Site "Chess.com"]
[Date "2023.05.21"]
[Round "-"]
[White "Mugzwang"]
[Black "ameetghasi100"]
[Result "0-1"]
[WhiteElo "1566"]
[BlackElo "2618"]
[TimeControl "300"]
[EndTime "3:55:59 PDT"]
[Termination "ameetghasi100 won by checkmate"]

1. Nf3 Nf6 2. c4 c5 3. Nc3 Nc6 4. d4 cxd4 5. Nxd4 e6 6. e4 Bb4 7. Nxc6 bxc6 8. Bd3 e5 9. O-O d6 10. Bg5 h6 11. Bd2 g5 12. Ne2 Bc5 13. Ng3 h5 14.
Nf5 Bxf5 15. exf5 g4 16. Be3 Bxe3 17. fxe3 Qb6 18. Qe2 Rd8 19. b3 h4 20. Kh1 Ke7 21. Rad1 d5 22. cxd5 cxd5 23. Rc1 Rdg8 24. Qd2 d4 25. exd4 Qxd4 26. Rfe1 Nh5 27. Qe3 Qxe3 28. Rxe3 Kf6 29. Rc6+ Kg5 30. Rc5 f6 31. Rc7 Rd8 32. Rxa7 Rd4 33. Ra4 Rd6 34. Rc4 Rhd8 35. Rc3 Nf4 36.
Bf1 Rd1 37. Kg1 R8d2 38. Rc6 Rxg2+ 39. Kh1 Rxf1# 0-1

[Event "Live Chess"]
[Site "Chess.com"]
[Date "2023.05.21"]
[Round "-"]
[White "sup3rm0nk3y"]
[Black "SupremeTactician"]
[Result "0-1"]
[WhiteElo "1320"]
[BlackElo "2216"]
[TimeControl "300"]
[EndTime "3:55:59 PDT"]
[Termination "SupremeTactician won by resignation"]

1. e4 e5 2. Nf3 Nc6 3. Bc4 Bc5 4.
d3 Nf6 5. O-O O-O 6. Be3 Bb6 7.
Nc3 d6 8. Nd5 Be6 9. Nxf6+ Qxf6 10. Bb3 Bg4 11. a4 Bxf3 12. Qxf3 Qxf3 13. gxf3 Bd4 14. c3 Bxe3 15. fxe3 Ne7 16. f4 exf4 17. exf4 g6 18. Rf3 Kg7 19. Rg3 f5 20. h4 fxe4 21.
h5 Rxf4 22. hxg6 Nxg6 23. dxe4 Rxe4 24. Bc2 Re2 25. Bxg6 hxg6 26. b4 Rae8 27. Rf1 Re1 28. Rxe1 Rxe1+ 29. Kf2 Ra1 30. a5 Rc1 31. Ke2 Rc2+ 32.
Kd3 Rf2 33. Kc4 Rf5 34. Kd4 Kf6 35. Ke4 Re5+ 36. Kd4 g5 37. Kc4 Kf5 38. Rh3 g4 39.
Rh7 Kf6 40. Rxc7 g3 41. Rc8 g2 42. Rg8 Rg5 0-1

[Event "Live Chess"]
[Site "Chess.com"]
[Date "2023.05.21"]
[Round "-"]
[White "KeithArkell"]
[Black "chrisbradgate"]
[Result "1-0"]
[WhiteElo "2501"]
[BlackElo "873"]
[TimeControl "300"]
[EndTime "3:56:08 PDT"]
[Termination "KeithArkell won by checkmate"]

1. d4 d5 2. Nf3 Nc6 3. c4 dxc4 4. e4 Bg4 5. Bxc4 Qd7 6. Be3 O-O-O 7. d5 Ne5 8. Nxe5 Bxd1 9. Nxd7 Rxd7 10. Kxd1 c6 11. Nc3 cxd5 12. exd5 Nf6 13. Ke2 a6 14. Rac1 Ng4 15.
Bf4 h6 16. Na4 Kd8 17. Nb6 g5 18. Bb5 gxf4 19. Rc8# 1-0

[Event "Live Chess"]
[Site "Chess.com"]
[Date "2023.05.21"]
[Round "-"]
[White "Tilbs_12"]
[Black "Misha145Chess"]
[Result "1-0"]
[WhiteElo "1582"]
[BlackElo "622"]
[TimeControl "300"]
[EndTime "3:56:15 PDT"]
[Termination "Tilbs_12 won by checkmate"]

1. e4 d5 2. exd5 Nf6 3. d4 e6 4. dxe6 Bxe6 5. Nf3 Bd5 6. Be2 Bb4+ 7. c3 Ba5 8. Bf4 O-O 9. O-O Re8 10. Re1 Bxf3 11. Bxf3 Rxe1+ 12. Qxe1 Nc6 13. Na3 Qe7 14. Nc4 Qxe1+ 15.
Rxe1 Bb6 16. Nxb6 axb6 17. Bxc7 Rxa2 18. Rb1 b5 19. d5 Na5 20. Bxa5 Rxa5 21. d6 Nd7 22. Bxb7 Ra7 23. Bc6 h5 24. Bxb5 Ne5 25. c4 g5 26. c5 Nd7 27. c6 Nb6 28. d7 Nxd7 29. cxd7 Ra8 30. Rc1 Rd8 31. Rc8 Rxc8 32. dxc8=Q+ Kg7 33. g3 h4 34. Kf1 Kh6 35. Ke2 Kh5 36.
f3 g4 37. Qf5+ Kh6 38. Qxg4 hxg3 39. hxg3 Kh7 40. Bd3+ Kh8 41. b4 f5 42. Qh5+ Kg7 43. Qxf5 Kh6 44. Qc5 Kg7 45. b5 Kf7 46. b6 Ke6 47. b7 Kd7 48. b8=Q Ke6 49. Qbb6+ Kf7 50.
Qcc7+ Kg8 51. Qbb8# 1-0

[Event "Live Chess"]
[Site "Chess.com"]
[Date "2023.05.21"]
[Round "-"]
[White "Crowded_House"]
[Black "gmnorfolk"]
[Result "0-1"]
[WhiteElo "1635"]
[BlackElo "2106"]
[TimeControl "300"]
[EndTime "3:56:26 PDT"]
[Termination "gmnorfolk won by resignation"]

1. d4 Nf6 2. Bg5 d5 3. e3 c5 4. c3 Qb6 5. Qb3 c4 6. Qxb6 axb6 7. a3 Ne4 8. Bf4 Nc6 9. Nf3 b5 10. Nbd2 Nxd2 11. Nxd2 b4 12. Be2 bxc3 13. bxc3 Bf5 14. O-O e6 15. f3 h6 16. e4 Bg6 17. exd5 exd5 18. Rfe1 Be7 19. h3 O-O 20. Bd1 Bxa3 21. Nb1 Bb2 22. Rxa8 Rxa8 23. Bd2 Bxb1 0-1

[Event "Live Chess"]
[Site "Chess.com"]
[Date "2023.05.21"]
[Round "-"]
[White "raminguy"]
[Black "ZackirtyChess"]
[Result "1-0"]
[WhiteElo "1977"]
[BlackElo "1183"]
[TimeControl "300"]
[EndTime "3:56:27 PDT"]
[Termination "raminguy won by checkmate"]

1. d4 f5 2. Nc3 Nf6 3. Bf4 g6 4. e3 Bg7 5. Nf3 O-O 6. Bd3 d6 7. O-O Nbd7 8. e4 fxe4 9. Bc4+ Kh8 10. Ng5 d5 11. Ne6 Qe8 12. Nxd5 Nxd5 13. Bxd5 Rb8 14. Nxc7 Qd8 15. Ne6 Qa5 16. Bxb8 Qxd5 17. Nxf8 Nxb8 18.
c4 Qxc4 19. Rc1 Qxa2 20. Rxc8 Nc6 21. Ne6+ Bf8 22. Rxf8# 1-0

[Event "Live Chess"]
[Site "Chess.com"]
[Date "2023.05.21"]
[Round "-"]
[White "ItsNot_Jasper"]
[Black "Dhaydon19"]
[Result "0-1"]
[WhiteElo "1383"]
[BlackElo "2697"]
[TimeControl "300"]
[EndTime "3:56:30 PDT"]
[Termination "Dhaydon19 won by resignation"]

1. d4 c6 2. c4 d5 3. Nf3 Nf6 4.
Nc3 e6 5. Bf4 Bd6 6. Bxd6 Qxd6 7. e3 Nbd7 8. Bd3 O-O 9. O-O e5 10.
cxd5 cxd5 11. dxe5 Nxe5 12. Nxe5 Qxe5 13. Re1 Ng4 14.
f4 Qd6 15. Nxd5 Rd8 16. Be4 Be6 17. Nc3 Qb6 18. Qf3 Qxb2 19. Rac1 Nf6 20. Bxb7 Rab8 21. Bc6 g6 22. Ne4 Nxe4 23. Bxe4 Bxa2 24. f5 Qe5 25. fxg6 hxg6 26. Qf4 Qxf4 27. exf4 Rd2 28. f5 gxf5 29.
Bxf5 Rbb2 30. Be4 Be6 31. Ra1 Rd7 32. Ra3 Kf8 33. Rea1 Rd4 34. Bf3 Bd5 35. Bxd5 Rxd5 36. Rxa7 Rdd2 37. Ra8+ Kg7 38. g3 Rg2+ 39. Kh1 Rxh2+ 40.
Kg1 Rbg2+ 41. Kf1 Rb2 42. Kg1 Rbg2+ 43. Kf1 Rxg3 44. R1a2 Rh1+ 45. Ke2 Rb3 46. Kf2 Rbb1 47. Kf3 Rb3+ 48. Kg2 Rh6 49. R2a3 Rg6+ 50. Kf2 Rb2+ 51. Kf3 Rf6+ 52. Kg3 Rff2 53. R3a4 Rg2+ 54. Kf3 Rbf2+ 55. Ke3 Rf5 56. R8a7 Rg3+ 57. Ke2 Rg6 58. R7a5 Re6+ 59. Kd3 Rf3+ 60. Kd2 Kf6 61. Rd4 Rb6 62. Ra2 Rf2+ 0-1

[Event "Live Chess"]
[Site "Chess.com"]
[Date "2023.05.21"]
[Round "-"]
[White "Brooms1989"]
[Black "hturner40"]
[Result "0-1"]
[WhiteElo "1132"]
[BlackElo "1800"]
[TimeControl "300"]
[EndTime "3:56:39 PDT"]
[Termination "hturner40 won by resignation"]

1. e4 Nc6 2. d4 e5 3. Nf3 exd4 4.
Nxd4 Nf6 5. Nc3 Nxe4 6. Nxe4 Qe7 7. Nxc6 Qxe4+ 8. Qe2 Qxe2+ 9. Bxe2 dxc6 10. O-O Bd6 11.
Bd3 O-O 12. Re1 Be6 13. b3 Bb4 14. Re2 Bc3 15. Rb1 Rae8 16. Bb2 Bxb2 17. Rxb2 Bf5 18. Rxe8 Rxe8 19. h3 Bxd3 20. cxd3 Re1+ 21. Kh2 Rd1 22. Re2 Kf8 23. Re3 Rd2 24. Kg3 Rxa2 25. f4 Rb2 26. d4 a5 27. f5 Rd2 28. Kf3 Rxd4 29. g4 a4 30. bxa4 Rxa4 31. Rd3 Ke7 32.
Kg3 c5 33. Kh4 c4 34. Re3+ Kd7 35. Re4 b5 36. Rd4+ Kc6 37. g5 c3 38. Rxa4 bxa4 39. f6 0-1